 Dungeon Crawl Stone Soup version 0.29.0-4-gdea44cf6ec (webtiles) character file.

Game seed: 11036166687360736

25 qw the Chopper (level 2, 0/26 HPs)
             Began as a Minotaur Berserker on Sept 9, 2022.
             Was a Follower of Trog.
             Succumbed to their own poison gas
             ... on level 2 of the Dungeon.
             The game lasted 00:00:23 (1743 turns).

qw the Chopper (Minotaur Berserker)                 Turns: 1743, Time: 00:00:23

Health: 0/26       AC: 12    Str: 21    XL:     2   Next: 82%
Magic:  1/1        EV:  6    Int:  4    God:    Trog [*.....]
Gold:   173        SH:  5    Dex:  9    Spells: 1/1 levels left

rFire   . . .      SeeInvis .   Y - +1 hand axe
rCold   + . .      Faith    .   f - +2 buckler
rNeg    . . .      Spirit   .   i - +0 plate armour
rPois   .          Reflect  .   (helmet restricted)
rElec   .          Harm     .   h - +0 cloak
rCorr   .          Rampage  .   (no gloves)
Will    .....                   (no boots)
Stlth   ..........              (no amulet)
HPRegen 0.08/turn               k - ring of protection from cold
MPRegen 0.07/turn               (no ring)

@: lethally poisoned (0 -> -4), attractive
A: horns 2, retaliatory headbutt
a: Renounce Religion, Berserk


You were on level 2 of the Dungeon.
You worshipped Trog.
Trog was aware of your devotion.
You visited 1 branch of the dungeon, and saw 2 of its levels.

You collected 173 gold pieces.


Innate Abilities, Weirdness & Mutations

You have a pair of horns on your head.
You reflexively headbutt those who attack you in melee.


   Skills:
 - Level 3.6 Fighting
 + Level 4.8 Axes
 - Level 2.4 Armour
 - Level 2.1 Dodging
 - Level 1.0 Shields


You had one spell level left.
You didn't know any spells.
Your spell library was empty.

Inventory:

Hand Weapons
 g - a +0 mace
 Y - a +1 hand axe (weapon)
Armour
 f - a +2 buckler (worn)
 h - a +0 cloak (worn)
 i - a +0 plate armour (worn)
Jewellery
 k - a ring of protection from cold (left hand)
Scrolls
 a - a scroll of identify
Potions
 b - a potion of might {unknown}
 d - a potion of ambrosia {unknown}

Dungeon Overview and Level Annotations

Branches:
Dungeon (2/15)

Altars:


Message History

You continue putting on your +0 plate armour. x5
You finish putting on your +0 plate armour.
1732 ||| DROPPING +0 ring mail.
You drop a +0 ring mail.
Done exploring.
1733 ||| READING scroll labelled IBROCW REERINK.
The air fills with toxic fumes!
As you read the scroll labelled IBROCW REERINK, it crumbles to dust.
It was a scroll of poison.
Done exploring.
1734 ||| DRINKING 2 fizzy black potions.
It was a potion of attraction.
You feel attractive to monsters.
Done exploring.
1735 ||| DROPPING potion of attraction.
You drop a potion of attraction.
Done exploring.
(D) Dungeon
Where to? (* - list waypoints, Enter - D:2, ? - help)
What level of the Dungeon? (default 1, ? - help) Sorry, I don't know how to get there.
Done exploring.
1736 ||| Stepping randomly (stuck).
Really walk into that cloud of poison gas?
You are engulfed in poison gas.
You are poisoned.
You feel very sick.
1737 ||| Stepping ~*~*~tactically~*~*~ (cloud).
You feel very sick.
Things that are here:
a potion of attraction; a +0 ring mail
There is a lethal amount of poison in your body!
You feel very sick.
There is a lethal amount of poison in your body!
You feel sick.
There is a lethal amount of poison in your body!
You feel sick.
There is a lethal amount of poison in your body!
You feel sick.
There is a lethal amount of poison in your body!
You feel sick.
There is a lethal amount of poison in your body!
You die...

####....# ...####.#
##..###.####
.....#.....#######
...............00#
..........00.###¤#########
.........<¤¤.#0.¤0¤#¤¤00.##
..........¤0¤.¤.¤..000¤0..##
..........¤00¤0¤@¤¤0.000..(#
...........¤¤¤¤000000¤00...#
...........0¤¤.0¤00¤.¤00...#
...<......¤000¤00¤¤0.0¤0...#
....##....¤#.¤00.¤.¤00.....#
........#####¤¤¤¤000.¤.¤..##
....##.## ##000¤0#.0.0.##
###.#..# #############
#...##


There were no monsters in sight!

Vanquished Creatures
  3 dart slugs (D:1)
  2 endoplasms (D:1)
  2 goblins
  3 hobgoblins
  2 ball pythons (D:1)
  A bat (D:2)
  3 frilled lizards
  A kobold (D:1)
  2 rats (D:2)
19 creatures vanquished.

Notes
Turn   | Place    | Note
-------+----------+-------------------------------------------
     0 | D:1      | qw the Minotaur Berserker began the quest for the Orb.
     0 | D:1      | Reached XP level 1. HP: 19/19 MP: 0/0
     0 | D:1      | 0 ||| qw: Version: 0.1-a-113-g051387a
     0 | D:1      | 0 ||| qw: Game counter: 7214
     0 | D:1      | 0 ||| qw: Always use a shield: true
     0 | D:1      | 0 ||| qw: Do Orc after D:15 true
     0 | D:1      | 0 ||| qw: Do second Lair branch before Depths: true
     0 | D:1      | 0 ||| qw: Lair rune preference: random
     0 | D:1      | 0 ||| qw: Plans: Normal
     0 | D:1      | 0 ||| PLANNING D:1-11
   109 | D:1      | Reached skill level 4 in Axes
   464 | D:1      | 464 ||| Stepping ~*~*~tactically~*~*~ (hiding).
   571 | D:1      | Reached XP level 2. HP: 26/26 MP: 1/1
   701 | D:1      | 701 ||| Stepping ~*~*~tactically~*~*~ (stealth).
   704 | D:1      | 704 ||| Stepping ~*~*~tactically~*~*~ (stealth).
  1145 | D:1      | 1145 ||| UPGRADING to +0 ring mail.
  1155 | D:1      | 1155 ||| DROPPING +0 animal skin.
  1156 | D:1      | 1156 ||| UPGRADING to +2 buckler.
  1161 | D:1      | 1161 ||| UPGRADING to +0 cloak.
  1166 | D:1      | 1166 ||| UPGRADING to ring of protection from cold.
  1167 | D:1      | 1167 ||| READING scroll labelled BECWAP ARPHOEFYHIR.
  1268 | D:1      | 1268 ||| READING scroll labelled RAESKEX PISEI.
  1269 | D:1      | 1269 ||| READING scroll labelled VUEV IBERINE.
  1442 | D:2      | Found a faded altar of an unknown god.
  1531 | D:2      | Reached skill level 1 in Shields
  1722 | D:2      | 1722 ||| UPGRADING to +0 plate armour.
  1732 | D:2      | 1732 ||| DROPPING +0 ring mail.
  1733 | D:2      | 1733 ||| READING scroll labelled IBROCW REERINK.
  1734 | D:2      | 1734 ||| DRINKING 2 fizzy black potions.
  1735 | D:2      | 1735 ||| DROPPING potion of attraction.
  1736 | D:2      | 1736 ||| Stepping randomly (stuck).
  1737 | D:2      | 1737 ||| Stepping ~*~*~tactically~*~*~ (cloud).
  1739 | D:2      | HP: 6/26 [poisoned by you (poison gas)]
  1741 | D:2      | HP: 2/26 [poisoned by you (poison gas)]
  1743 | D:2      | Succumbed to their own poison gas

Levels and vault maps discovered:
D:1:      arrival_zaba_pyramid, layout_loops_corners, grunt_decor_clamped,
          eino_curves_01, minmay_box_of_dots
D:2:      layout_rooms, ebering_ecumenical_altar_webs

Skill      XL: |  1  2 |
---------------+-------+-----
Axes           | 4 |  4.8
Shields        | 1 |  1.0
Fighting       | |  3.6
Armour         | |  2.4
Dodging        | |  2.1

Action                   || total
-------------------------++-------
Melee: Hand axe          ||    36
       Headbutt          ||     7
  Use: Scroll            ||     4
       Potion            ||     1
Armor: Ring mail         ||     6
       Animal skin       ||     2
Dodge: Dodged            ||    13
Block: Buckler           ||     1

Table legend:
 A = Non-vault XP
 B = Vault XP
 C = Vault XP percentage of total XP
 D = Non-vault monster count
 E = Vault monster count
 F = Vault count percentage of total count
                 A         B        C        D         E       F
            +---------+---------+-------+---------+---------+-------
      Total |      30 |       6 |  16.7 |      17 |       2 |  10.5
            +---------+---------+-------+---------+---------+-------
        D:1 |      20 |       6 |  23.1 |      10 |       2 |  16.7
        D:2 |      10 |       0 |   0.0 |       7 |       0 |   0.0
            +---------+---------+-------+---------+---------+-------
